 Dungeon Sprint DCSS version 0.21.1-1-g345015f (webtiles) character file.

17085 Fang the Warrior (level 12, -7/129 HPs)
             Began as a Minotaur Berserker on May 1, 2018.
             Was the Champion of Trog.
             Mangled by Ucus the pandemonium lord (19 damage)
             ... in the Dungeon (Sprint V: "Ziggurat Sprint").
             The game lasted 00:02:48 (747 turns).

Fang the Warrior (Minotaur Berserker)                Turns: 747, Time: 00:02:49

Health: -7/129     AC: 28    Str: 34    XL:     12   Next: 15%
Magic:  11/11      EV: 13    Int:  8    God:    Trog [******]
Gold:   0          SH:  3    Dex: 13    Spells: 11/11 levels left

rFire    . . .     SeeInvis .   l - +5 demon trident
rCold    + . .     Gourm    .   (no shield)
rNeg     + . .     Faith    .   a - +12 plate armour of Wibuo {Str+2 Int+7 Slay+3}
rPois    +         Spirit   .   (helmet restricted)
rElec    .         Reflect  +   (no cloak)
rCorr    .         Harm     .   (no gloves)
MR       .....     NoTele   +   (no boots)
Stlth    ..........             B - amulet "Turr" {Reflect rPois rN+ Dex+2 SH+3}
HPRegen  0.31/turn              G - ring of flight
MPRegen  0.12/turn              C - ring of Woamucho {rPois rC+ Str+6 Int-3}

@: lethally poisoned (-7 -> -8), berserk cooldown, slowed, very slow
A: retaliatory headbutt, horns 2
a: Berserk, Trog's Hand, Brothers in Arms, Burn Spellbooks, Renounce Religion,
Evoke Flight


You were in the Dungeon.
You worshipped Trog.
Trog was exalted by your worship.
You were very hungry.

You visited 1 branch

Inventory:

Hand Weapons
 k - a +5 executioner's axe
 l - a +5 demon trident (weapon)
Armour
 a - the +12 plate armour of Wibuo (worn) {Str+2 Int+7 Slay+3}
   (You found it in the Dungeon)

   It affects your strength (+2).
   It affects your intelligence (+7).
   It affects your accuracy and damage with ranged weapons and melee attacks
   (+3).
Jewellery
 B - the amulet "Turr" (around neck) {Reflect rPois rN+ Dex+2 SH+3}
   (You found it in the Dungeon)

   [amulet of reflection]

   It shields you and reflects attacks.
   It affects your dexterity (+2).
   It protects you from poison.
   It protects you from negative energy.
   It affects your SH (+3).
 C - the ring of Woamucho (right hand) {rPois rC+ Str+6 Int-3}
   (You found it in the Dungeon)

   [ring of protection from cold]

   It affects your strength (+6).
   It affects your intelligence (-3).
   It protects you from cold.
   It protects you from poison.
 G - a ring of flight (left hand)
Wands
 x - a wand of disintegration (7)
 y - a wand of iceblast (7)
 z - a wand of acid (7)
Scrolls
 i - 4 scrolls of blinking
 m - 7 scrolls of fog
 n - a scroll of holy word
 o - 5 scrolls of identify
 p - 5 scrolls of remove curse
 q - 2 scrolls of fear
Potions
 d - 10 potions of curing
 e - 10 potions of heal wounds
 f - 6 potions of haste
 g - 7 potions of magic
 h - 3 potions of berserk rage
 r - 2 potions of brilliance
 s - 2 potions of invisibility
 t - 4 potions of resistance
 v - 5 potions of agility
 w - 5 potions of might
Miscellaneous
 b - a sack of spiders
 j - a box of beasts
 u - a phial of floods
Comestibles
 c - 7 rations


   Skills:
 + Level 18.8 Fighting
 + Level 16.3(19.7) Axes
 + Level 18.8(20.9) Polearms
 + Level 14.0 Armour
 + Level 8.1 Dodging
 + Level 2.4 Stealth


You had 11 spell levels left.
You didn't know any spells.

Dungeon Overview and Level Annotations

Branches:
Dungeon (1/1)

Altars:
Ashenzari
Cheibriados
Dithmenos
Elyvilon
Fedhas
Gozag
Hepliaklqana
Kikubaaqudgha
Makhleb
Nemelex Xobeh
Okawaru
Qazlal
Ru
Sif Muna
Trog
Uskayaw
Vehumet
Wu Jian
Xom
Yredelemnul
Zin
The Shining One
Beogh
Jiyva
Lugonu

Annotations:
D 1 transporter


Innate Abilities, Weirdness & Mutations

You reflexively headbutt those who attack you in melee.
You have a pair of horns on your head.


Message History

You completely miss Ucus. Your headbutt misses Ucus. You completely miss Ucus.
Your headbutt misses Ucus. Ucus hits you but does no damage.
The white imp hits you.
* * * LOW HITPOINT WARNING * * *
The white imp freezes you. You resist.
* * * LOW HITPOINT WARNING * * *
The white imp barely misses you.
You barely miss Ucus. Your headbutt misses Ucus.
You are no longer berserk.
You are exhausted.
You feel yourself slow down.
You feel sick. Ucus hits you but does no damage.
You impale Ucus!! Your headbutt misses Ucus.
Ucus is moderately wounded.
The white imp hits you but does no damage. x2
Ucus hits you!
* * * LOW HITPOINT WARNING * * *
You miss Ucus.
Ucus is moderately wounded.
Ucus hits you!!
You die...

▓▓▓▓▓▓▓▓▓
▓..8©8..▓
▓bb=b)..▓
▓b.}[)..▓
▓.......▓
▓.bb....▓
▓.......▓
▓..&..b.▓
▓.▓@5.▓.▓
▓...5...▓
▓▓▓▓▓▓▓▓▓


You could see Ucus and 2 white imps.

Vanquished Creatures
  A pandemonium lord (D)
  A dancing weapon (D)
  An ogre mage (D)
  A deep elf archer (D)
  An orc knight (D)
  3 deep elf magi (D)
  A vault sentinel (D)
  A water elemental (D)
  3 phantoms (D)
  3 necrophages (D)
  2 orc priests (D)
  2 orc wizards (D)
  2 shadow imps (D)
  5 orcs (D)
27 creatures vanquished.

Notes
Turn   | Place    | Note
-------+----------+-------------------------------------------
     0 | D        | Found the +6 Majin-Bo {vamp, Archmagi MP+6 Int+6}
     0 | D        | Found the +7 great mace "Firestarter" {inner flame, rF++}
     0 | D        | Fang the Minotaur Berserker began the quest for the Orb.
     0 | D        | Reached XP level 1. HP: 19/19 MP: 0/0
     3 | D        | Found a blossoming altar of Fedhas.
     4 | D        | Found a viscous altar of Jiyva.
     4 | D        | Found a hazy altar of Hepliaklqana.
     4 | D        | Found a transporter.
     4 | D        | Found an opulent altar of Gozag.
     4 | D        | Found an ancient bone altar of Kikubaaqudgha.
     4 | D        | Found a corrupted altar of Lugonu.
    10 | D        | Found a burning altar of Makhleb.
    11 | D        | Found a stormy altar of Qazlal.
    11 | D        | Found a sacrificial altar of Ru.
    11 | D        | Found an iron altar of Okawaru.
    11 | D        | Found a deep blue altar of Sif Muna.
    11 | D        | Found a sparkling altar of Nemelex Xobeh.
    11 | D        | Found a bloodstained altar of Trog.
    73 | D        | Entered arena 2.
    73 | D        | Noticed a necrophage
    73 | D        | Noticed a necrophage
    73 | D        | Found a transporter.
    76 | D        | Killed a necrophage
    76 | D        | Reached XP level 2. HP: 34/34 MP: 1/1
    76 | D        | Reached XP level 3. HP: 39/39 MP: 2/2
    76 | D        | Reached XP level 4. HP: 47/47 MP: 3/3
    77 | D        | Killed a necrophage
    77 | D        | Reached XP level 5. HP: 56/56 MP: 4/4
    82 | D        | Got the +12 plate armour of Wibuo {Str+2 Int+7 Slay+3}
   117 | D        | Entered arena 3.
   117 | D        | Noticed an orc knight
   117 | D        | Noticed a vault sentinel
   117 | D        | Noticed an ogre mage
   117 | D        | Found a transporter.
   126 | D        | Killed a vault sentinel
   126 | D        | Reached ** piety under Trog
   126 | D        | Reached skill level 5 in Dodging
   126 | D        | Reached XP level 6. HP: 68/68 MP: 5/5
   131 | D        | Killed an ogre mage
   131 | D        | Reached XP level 7. HP: 29/78 MP: 6/6
   131 | D        | Reached XP level 8. HP: 31/85 MP: 7/7
   134 | D        | Killed an orc knight
   134 | D        | Reached *** piety under Trog
   466 | D        | Entered arena 4.
   466 | D        | Found a transporter.
   477 | D        | Reached **** piety under Trog
   488 | D        | Reached ***** piety under Trog
   590 | D        | Entered arena 5.
   590 | D        | Found a transporter.
   611 | D        | Got the amulet "Turr" {Reflect rPois rN+ Dex+2 SH+3}
   612 | D        | Received a gift from Trog
   623 | D        | Entered arena 6.
   623 | D        | Found a transporter.
   624 | D        | Reached XP level 9. HP: 96/96 MP: 2/8
   628 | D        | Received a gift from Trog
   628 | D        | Reached ****** piety under Trog
   643 | D        | Entered arena 7.
   643 | D        | Noticed a deep elf archer
   643 | D        | Noticed a deep elf mage
   643 | D        | Noticed a short sword of venom
   643 | D        | Noticed a deep elf mage
   643 | D        | Noticed a deep elf mage
   649 | D        | Killed a short sword of venom
   649 | D        | Reached skill level 15 in Fighting
   649 | D        | Reached XP level 10. HP: 105/105 MP: 4/9
   653 | D        | Killed a deep elf mage
   653 | D        | Reached skill level 10 in Polearms
   654 | D        | Killed a deep elf mage
   654 | D        | Received a gift from Trog
   654 | D        | Reached skill level 15 in Axes
   654 | D        | Reached skill level 10 in Armour
   656 | D        | Killed a deep elf mage
   657 | D        | Found a transporter.
   662 | D        | Killed a deep elf archer
   666 | D        | Got the ring of Woamucho {rPois rC+ Str+6 Int-3}
   716 | D        | Entered arena 8.
   716 | D        | Noticed Ucus the pandemonium lord
   716 | D        | Noticed Meiseugei the pandemonium lord
   718 | D        | Found a transporter.
   723 | D        | Received a gift from Trog
   737 | D        | Killed Meiseugei the pandemonium lord
   737 | D        | Reached XP level 11. HP: 64/121 MP: 10/10
   737 | D        | Reached XP level 12. HP: 68/129 MP: 11/11
   747 | D        | Mangled by Ucus the pandemonium lord

Skill      XL: |  1  2  3  4  5  6  7  8  9 10 |
---------------+-------------------------------+-----
Fighting       | 7 8 11 12 14 15 18 | 18.8
Axes           | 7 8 11 12 14 16 | 16.3
Armour         | 4 6 7 8 9 14 | 14.0
Dodging        | 3 4 5 6 7 8 |  8.1
Polearms       | 2 4 8 9 18 | 18.8
Stealth        | 2 |  2.4

Action                   |  1- 3 |  4- 6 |  7- 9 | 10-12 || total
-------------------------+-------+-------+-------+-------++-------
Melee: Demon trident     |     2 |    13 |    38 |    37 ||    90
       Headbutt          |       |     3 |     7 |     7 ||    17
Invok: Berserk           |     1 |     1 |     1 |     1 ||     4
       Burn Spellbooks   |       |       |     3 |     1 ||     4
  Use: Potion            |       |       |     1 |       ||     1
  Eat: Chunk             |       |       |     1 |     1 ||     2
Armor: Shadow dragon sca |     1 |     1 |       |       ||     2
       Plate armour      |       |     4 |     9 |    19 ||    32
Dodge: Dodged            |       |     2 |    10 |    13 ||    25
Block: Other             |       |       |       |     2 ||     2
       Reflection        |       |       |       |     1 ||     1
